 Dungeon Crawl Stone Soup version 0.27-a0-1123-g2f9bb313c0 (webtiles) character file.

Game seed: 522003202383465220

393 Dordric the Cleaver (level 6, -5/76 HPs)
             Began as a Hill Orc Monk on May 3, 2021.
             Was an Elder of Makhleb.
             Slain by a kobold brigand
             ... wielding a +0 short sword
              (8 damage)
             ... on level 3 of the Dungeon.
             The game lasted 00:06:47 (3612 turns).

Dordric the Cleaver (Hill Orc Monk)                 Turns: 3612, Time: 00:06:48

Health: -5/76      AC:  8    Str: 16    XL:     6   Next: 81%
Magic:  9/9        EV:  9    Int: 10    God:    Makhleb [****..]
Gold:   203        SH:  3    Dex: 13    Spells: 5/5 levels left

rFire    + . .     SeeInvis .   o - +0 war axe
rCold    + . .     Faith    .   h - +0 buckler
rNeg     . . .     Spirit   .   n - +0 scale mail
rPois    +         Reflect  .   e - +2 hat
rElec    +         Harm     .   (no cloak)
rCorr    +         Rampage  .   (no gloves)
Will     .....                  (no boots)
Stlth    ..........             (no amulet)
HPRegen  0.22/turn              (no ring)
MPRegen  0.11/turn              (no ring)

@: berserking, resistant, very quick
A: no striking features
a: Renounce Religion, Minor Destruction, Lesser Servant of Makhleb, Major
Destruction


You were on level 3 of the Dungeon.
You worshipped Makhleb.
Makhleb was greatly pleased with you.
You visited 1 branch of the dungeon, and saw 3 of its levels.

You collected 257 gold pieces.
You spent 54 gold pieces at shops.

Inventory:

Hand Weapons
 a - a +0 hand axe
 o - a +0 war axe (weapon)
Armour
 b - a +0 robe
 e - a +2 hat (worn)
 h - a +0 buckler (worn)
 n - a +0 scale mail (worn)
Wands
 m - a wand of flame (20)
Scrolls
 c - 3 scrolls of fear
 f - a scroll of teleportation
 i - a scroll of enchant armour
 k - a scroll of amnesia {unknown}
 l - a scroll of fog {unknown}
 p - a scroll of torment {unknown}
Potions
 d - a potion of curing {unknown}
 g - a potion of resistance
 j - a potion of berserk rage


   Skills:
 - Level 3.6 Fighting
 + Level 8.3 Axes
 - Level 2.4 Dodging
 - Level 1.5 Stealth
 + Level 4.8 Invocations


You had 5 spell levels left.
You didn't know any spells.
Your spell library was empty.

Dungeon Overview and Level Annotations

Branches:
Dungeon (3/15)

Altars:
Makhleb

Shops:
D:1 [!


Message History

You slash the kobold brigand!
The kobold brigand is moderately wounded.
You closely miss the kobold. You hit the kobold brigand.
You feel sick.
You are no longer poisoned.
The kobold brigand hits you with a +0 short sword.
* * * LOW HITPOINT WARNING * * *
You block the kobold brigand's attack. The kobold hits you.
* * * LOW HITPOINT WARNING * * *
Unknown command.
You closely miss the kobold brigand.
The kobold brigand is moderately wounded.
You closely miss the kobold brigand. You hit the kobold but do no damage.
You block the kobold brigand's attack.
The kobold brigand hits you with a +0 short sword.
* * * LOW HITPOINT WARNING * * *
The kobold hits you but does no damage.
It was a potion of resistance.
You feel protected.
The kobold brigand hits you but does no damage.
The kobold brigand hits you with a +0 short sword.
* * * LOW HITPOINT WARNING * * *
The kobold hits you but does no damage.
It was a potion of berserk rage.
A red film seems to cover your vision as you go berserk!
You feel yourself moving faster!
You feel mighty!
The kobold brigand hits you with a +0 short sword!
* * * LOW HITPOINT WARNING * * *
The kobold brigand hits you with a +0 short sword!
* * * LOW HITPOINT WARNING * * *
The kobold hits you but does no damage.
You are too berserk!
You slash the kobold brigand!
The kobold brigand is severely wounded.
You slash the kobold!
You kill the kobold!
Makhleb accepts your kill.
You feel better.
You slash the kobold brigand!
The kobold brigand hits you but does no damage.
The kobold brigand hits you with a +0 short sword!
You die...

######### ######
...#....# .....##
...#....# ..(...#
####....#########.......
..#......#.......(......
..'......'......@K......
.[#..(...#......K(......
####....#########.......
...#.)..# ......#
...#....# .....##
#####)'################
≈≈≈≈.....≈≈≈≈≈≈≈≈≈≈≈≈≈≈
≈≈≈≈....≈≈≈≈≈≈≈≈≈≈≈≈≈≈≈
≈≈≈≈....≈≈≈≈≈≈≈≈≈≈≈≈≈≈≈


You could see 2 kobold brigands.

Vanquished Creatures
  A kobold brigand (D:3)
  A bullfrog zombie (D:3)
  An orc priest (D:3)
  Jessica (D:2)
  Terence (D:2)
  An iguana (D:2)
  An orc wizard (D:3)
  4 gnolls (D:3)
  3 adders
  A worm (D:2)
  A dart slug (D:2)
  5 orcs (D:3)
  7 bats
  3 endoplasms
  2 giant cockroaches (D:3)
  6 hobgoblins
  5 jackals
  A quokka (D:2)
  6 ball pythons
  A frilled lizard (D:2)
  8 goblins
  30 kobolds
  6 rats
96 creatures vanquished.

Notes
Turn   | Place    | Note
-------+----------+-------------------------------------------
     0 | D:1      | Dordric the Hill Orc Monk began the quest for the Orb.
     0 | D:1      | Reached XP level 1. HP: 19/19 MP: 1/1
   238 | D:1      | Reached XP level 2. HP: 10/23 MP: 2/2
   553 | D:1      | Reached skill level 5 in Axes
   847 | D:1      | Found Usocoh's Armour Shop.
   873 | D:1      | Bought a +0 buckler for 54 gold pieces
   899 | D:1      | Found Dot Ukh's Distillery.
  1079 | D:1      | Found a faded altar of an unknown god.
  1081 | D:1      | Became a worshipper of Makhleb the Destroyer
  1081 | D:1      | Reached * piety under Makhleb
  1081 | D:1      | Reached ** piety under Makhleb
  1150 | D:1      | Reached XP level 3. HP: 31/31 MP: 3/3
  1385 | D:2      | Noticed Jessica
  1392 | D:2      | Reached skill level 6 in Axes
  1393 | D:2      | Killed Jessica
  1394 | D:2      | Reached XP level 4. HP: 22/39 MP: 4/4
  1565 | D:2      | Reached *** piety under Makhleb
  1629 | D:2      | Reached skill level 1 in Invocations
  1837 | D:2      | Reached XP level 5. HP: 45/45 MP: 6/6
  1890 | D:2      | Noticed Terence
  1898 | D:2      | Killed Terence
  1899 | D:2      | Reached skill level 7 in Axes
  2662 | D:3      | Reached XP level 6. HP: 35/51 MP: 8/8
  3210 | D:3      | Reached **** piety under Makhleb
  3215 | D:3      | Reached skill level 8 in Axes
  3611 | D:3      | HP: 2/76 [kobold brigand/+0 short sword (7)]
  3612 | D:3      | Slain by a kobold brigand

Illustrated notes

Levels and vault maps discovered:
D:1:      sevenhm_arrival_forest_fort_large_1, layout_basic,
          chequers_ecumenical_altar_twisty, serial_shops, shop_statue, shop,
          minmay_tiny_reverse_x
D:2:      layout_rooms, minmay_pentomino_pile, uniq_jessica, uniq_terence
D:3:      minmay_goblin_kobold_castle, layout_loops_ring, led_sif_pool,
          gup_sewer_entry_bowl

Skill      XL: |  1  2  3  4  5  6 |
---------------+-------------------+-----
Axes           | 5 6 7 8 |  8.3
Invocations    | 1 3 4 |  4.8
Fighting       | |  3.6
Dodging        | |  2.4
Stealth        | |  1.5

Action                   |  1- 3 |  4- 6 || total
-------------------------+-------+-------++-------
Melee: Hand axe          |    93 |    23 ||   116
       War axe           |       |    86 ||    86
Invok: Minor Destruction |     1 |    87 ||    88
  Use: Scroll            |       |     3 ||     3
       Potion            |       |     2 ||     2
 Stab: Sleeping          |     5 |       ||     5
Armor: Robe              |    39 |     3 ||    42
       Scale mail        |       |    52 ||    52
Dodge: Dodged            |    84 |    76 ||   160
Block: Buckler           |     5 |    26 ||    31

Table legend: (Time is in decaauts)
 A = Elapsed time spent in this place.
 B = Non-inter-level travel time spent in this place.
 C = Inter-level travel time spent in this place.
 D = Time resting spent in this place.
 E = Time spent auto-exploring this place.
 F = Levels seen in this place.
 G = Mean time per level.
                   A        B        C        D        E       F      G
               +--------+--------+--------+--------+--------+-----+--------+
         Total |   3641 |   3576 |     65 |      0 |   2976 |   3 | 1213.7 |
       Dungeon |   3641 |   3576 |     65 |      0 |   2976 |   3 | 1213.7 |
               +--------+--------+--------+--------+--------+-----+--------+

Top non-repeatable levels by time:
     D:1: 1461 daAuts
     D:3: 1458 daAuts
     D:2: 721 daAuts
